 Dungeon Sprint DCSS version 0.20-a0-876-g2c7b0bf (webtiles) character file.

3 esc the Sneak (level 1, -9/9 HPs)
             Began as a Spriggan Enchanter on Mar 15, 2017.
             Mangled by a worm (11 damage)
             ... in the Dungeon (Sprint II: "The Violet Keep of Menkaure").
             The game lasted 00:00:32 (21 turns).

esc the Sneak (Spriggan Enchanter)                    Turns: 21, Time: 00:00:33

Health: -9/9       AC:  2    Str:  4    XL:     1   Next: 41%
Magic:  5/5        EV: 19    Int: 16    God:
Gold:   0          SH:  0    Dex: 16    Spells: 5/6 levels left

rFire    . . .     SeeInvis +   a - +1 dagger
rCold    . . .     Gourm    .   b - +0 robe
rNeg     . . .     Faith    .   (shield restricted)
rPois    .         Spirit   .   (helmet restricted)
rElec    .         Reflect  .   (no cloak)
rCorr    .         Harm     .   (gloves unavailable)
MR       .....     NoTele   +   (boots unavailable)
Stlth    +++.......             (no amulet)
Regen    0.1/turn               (no ring)
MPRegen  0.1/turn               (no ring)

@: very quick
A: unfitting armour, see invisible, herbivore 3, speed 3, slow metabolism 2
a: no special abilities


You were in the Dungeon.
You were not hungry.

You visited 1 branch

Inventory:

Hand Weapons
 a - a +1 dagger (weapon)
Armour
 b - a +0 robe (worn)
Scrolls
 j - a scroll of blinking {!r}
Potions
 e - a potion of curing
 f - a potion of heal wounds
 g - a potion of haste
 h - 2 potions of magic
 i - a potion of berserk rage {!q}
Books
 c - a book of Maledictions
Comestibles
 d - a bread ration {@e1}


   Skills:
 + Level 0.8 Fighting
 + Level 1.5 Short Blades
 + Level 3.5 Dodging
 + Level 4.7 Stealth
 + Level 3.0 Spellcasting
 + Level 3.8 Hexes


You had 5 spell levels left.
You knew the following spells:

 Your Spells              Type           Power        Failure   Level  Hunger
v - Corona                Hex            ##.....      4%          1    #......


Dungeon Overview and Level Annotations

Branches:
Dungeon (1/1)

Altars:


Innate Abilities, Weirdness & Mutations

You are very small and have problems with some larger weapons.
You are too small for most types of armour.
You have supernaturally acute eyesight. (SInv)
You are a herbivore.
You cover ground extremely quickly.
You need consume almost no food.


Message History

Welcome, esc the Spriggan Enchanter.
Found a staircase leading out of the dungeon.
You open the door. 3 worms come into view.
There is an open door here.
The helpless worm fails to defend itself.
You impale the worm!! The worm completely misses you.
There is an open door here.
The helpless worm fails to defend itself.
You impale the worm!!
You kill the worm!
Your Spellcasting skill increases to level 3!
You see here a worm corpse.
Okay, then.
Okay, then.
Okay, then.
Aim: a worm (chance to defeat MR: 60%)
The worm is outlined in light.
You now have 4/5 mp.
You completely miss the worm. You hit the worm but do no damage.
The worm closely misses you.
You hit the worm. You hit the worm. The worm bites you.
Ouch! That really hurt!
You take 5 damage, and have 4/9 hp.
MASSIVE DAMAGE!!
You hit the worm. The worm completely misses you.
You hit the worm. You hit the worm but do no damage. The worm bites you.
* * * LOW HITPOINT WARNING * * *
You take 2 damage, and have 2/9 hp.
MASSIVE DAMAGE!!
You hit the worm. You hit the worm. The worm misses you.
You hit the worm. You hit the worm. The worm bites you!
Ouch! That really hurt!
You die...

###
#+###@#
##.##w###
+.<.'##$+
##.##...#
#+###w##
##


You could see a worm.

Vanquished Creatures
  A worm (D)
1 creature vanquished.

Notes
Turn   | Place    | Note
-------+----------+-------------------------------------------
     0 | D        | esc the Spriggan Enchanter began the quest for the Orb.
     0 | D        | Reached XP level 1. HP: 9/9 MP: 5/5
     7 | D        | Reached skill level 3 in Spellcasting
    17 | D        | HP: 2/9 [worm (2)]
    21 | D        | Mangled by a worm

Vault maps used:
D:        the_violet_keep_of_menkaure

Skill      XL: |  1 |
---------------+----+-----
Spellcasting   | 3 |  3.0
Fighting       | |  0.8
Short Blades   | |  1.5
Dodging        | |  3.5
Stealth        | |  4.7
Hexes          | |  3.8

Action                   || total
-------------------------++-------
Melee: Dagger            ||    13
 Cast: Corona            ||     1
 Stab: Sleeping          ||     2
Dodge: Dodged            ||     4

Vault maps used:
D:        the_violet_keep_of_menkaure

Table legend:
 A = Turns spent in this place as a percentage of turns spent in the entire game.
 B = Non-inter-level travel turns spent in this place as a percentage of non-inter-level travel turns spent in the entire game.
 C = Inter-level travel turns spent in this place as a percentage of turns spent in this place.
 D = Turns resting spent in this place as a percentage of non-inter-level travel turns spent in this place.
 E = Turns spent auto-exploring this place as a percentage of non-inter-level travel turns spent in this place.
 F = Non-inter-level travel turns spent in this place divided by the number of levels of this place that you've seen.
                   A       B       C       D       E      F
               +-------+-------+-------+-------+-------+----------------------
         Total | 100.0 | 100.0 |   0.0 |   0.0 |   0.0 |  27.0
       Dungeon | 100.0 | 100.0 |   0.0 |   0.0 |   0.0 |  27.0
               +-------+-------+-------+-------+-------+----------------------

Table legend:
 A = Kills in this place as a percentage of kills in entire the game.
 B = Kills by you in this place as a percentage of kills by you in the entire game.
 C = Kills by friends in this place as a percentage of kills by friends in the entire game.
 D = Other kills in this place as a percentage of other kills in the entire game.
 E = Experience gained in this place as a percentage of experience gained in the entire game.
 F = Experience gained in this place divided by the number of levels of this place that you have seen.
                   A       B       C       D       E      F
               +-------+-------+-------+-------+-------+----------------------
         Total | 100.0 | 100.0 |  -nan |  -nan | 100.0 |   5.0
       Dungeon | 100.0 | 100.0 |  -nan |  -nan | 100.0 |   5.0
               +-------+-------+-------+-------+-------+----------------------
